Map: Lost and Found LE

Players

IIIIIIIIIIII

  • Race: Protoss Protoss
  • League: Master
  • Spawn Location: 7:00

blitzkrieg - Winner!

  • Race: Protoss Protoss
  • League: Diamond
  • Spawn Location: 1:00

VOD

Have the link to the VOD?

Description

Time

  • Played on: Aug. 13, 2018, 9:39 a.m.
  • Length: 12:12
Show
View Real Time Build Order
Export as new Build Order

IIIIIIIIIIII Protoss 

Build Orders:  

Get SALT Encoding   

  12  0:01  Probe  
  13  0:14  Probe  
  14  0:17  Pylon  
  14  0:25  Probe  
  15  0:33  Probe  
  15  0:40  Gateway  
  15  0:41  Probe  
  17  0:52  Probe  
  17  0:55  Assimilator  
  18  1:00  Assimilator  
  18  1:04  Probe  
  18  1:10  Forge  
  19  1:14  Pylon  
  19  1:19  Zealot  
  21  1:44  Photon Cannon  
  21  1:52  Photon Cannon  
  21  2:06  Photon Cannon  
  18  2:22  Photon Cannon  
  18  2:33  Pylon  
  18  2:37  Probe  
  19  2:46  Probe  
  17  2:57  Cybernetics Core  
  16  3:00  Probe  
  17  3:08  Probe  
  18  3:16  Probe  
  18  3:23  Photon Cannon  
  18  3:26  Probe  
  19  3:33  Warp Gate  
  20  3:38  Probe  
  21  3:50  Probe  
  21  3:52  Assimilator  
  22  4:00  Stargate  
  23  4:02  Probe  
  23  4:15  Probe  
  24  4:26  Shield Battery  
  24  4:27  Shield Battery  
  24  4:31  Void Ray  
  24  4:43  Pylon  
  28  4:46  Shield Battery  
  28  4:50  Shield Battery  
  28  5:00  Photon Cannon  
  28  5:06  Pylon  
  28  5:28  Void Ray  
  32  5:41  Stargate  
  32  6:11  Void Ray  
  36  6:18  Void Ray  
  40  6:34  Photon Cannon  
  40  6:48  Pylon  
  40  6:51  Shield Battery  
  32  7:03  Void Ray  
  36  7:08  Shield Battery  
  36  7:11  Shield Battery  
  36  7:14  Photon Cannon  
  36  7:15  Void Ray  
  36  7:16  Shield Battery  
  40  7:37  Pylon  
  40  7:51  Void Ray  
  44  8:09  Protoss Air Weapons Level 1  
  44  8:22  Void Ray  
  44  8:27  Photon Cannon  
  48  8:38  Photon Cannon  
  48  8:50  Void Ray  
  52  9:38  Void Ray  
  36  9:52  Void Ray  
  32  10:30  Void Ray  
  36  10:53  Forge  
  27  11:43  Nexus  
  27  11:49  Photon Cannon  
  27  11:50  Photon Cannon  
Show
View Real Time Build Order
Export as new Build Order

blitzkrieg Protoss - Winner!

Build Orders:  

Get SALT Encoding   

  12  0:02  Probe  
  13  0:14  Probe  
  14  0:17  Pylon  
  14  0:26  Probe  
  15  0:38  Probe  
  15  0:39  Forge  
  16  1:03  Pylon  
  16  1:05  Pylon  
  16  1:07  Pylon  
  16  1:21  Photon Cannon  
  16  1:25  Gateway  
  16  1:40  Pylon  
  16  1:41  Pylon  
  16  1:46  Pylon  
  16  2:01  Photon Cannon x2  
  14  2:15  Photon Cannon  
  14  2:20  Probe  
  15  2:29  Pylon  
  15  2:32  Probe  
  16  2:40  Assimilator  
  16  2:43  Assimilator  
  16  2:44  Probe  
  16  2:48  Cybernetics Core  
  17  2:56  Probe  
  18  3:08  Probe  
  19  3:17  Probe  
  19  3:22  Pylon  
  19  3:25  Probe  
  21  3:34  Probe  
  22  3:43  Photon Cannon  
  22  3:50  Shield Battery  
  22  3:53  Stargate  
  22  3:57  Shield Battery  
  22  4:04  Photon Cannon  
  22  4:06  Probe  
  23  4:15  Shield Battery  
  23  4:18  Probe  
  24  4:29  Void Ray, Pylon  
  24  4:35  Pylon  
  24  4:44  Stargate  
  28  4:58  Shield Battery  
  28  5:03  Void Ray  
  28  5:09  Shield Battery  
  32  5:39  Void Ray  
  32  6:02  Shield Battery  
  32  6:04  Void Ray, Shield Battery  
  36  6:30  Pylon  
  36  6:40  Pylon  
  36  6:48  Void Ray  
  40  6:55  Void Ray  
  44  7:06  Shield Battery  
  44  7:10  Shield Battery  
  44  7:14  Shield Battery  
  44  7:30  Pylon  
  44  7:32  Void Ray  
  48  7:43  Protoss Air Weapons Level 1  
  48  7:59  Void Ray  
  52  8:37  Void Ray  
  56  8:45  Pylon  
  56  9:04  Shield Battery  
  56  9:06  Shield Battery  
  56  9:11  Void Ray  
  56  9:17  Pylon  
  60  9:27  Nexus  
  60  9:43  Void Ray  
  52  9:55  Void Ray  
  56  10:26  Void Ray  
  60  11:01  Void Ray  
  68  11:55  Assimilator  
  68  11:59  Assimilator  
  68  12:02  Pylon  
Tags
 
Add a new tag
Caveats
  • Supply blocks, unpowered buildings, or Contaminate may cause inaccurate times.
  • Supply counts are checked every 10 seconds.